 Dungeon Crawl Stone Soup version 0.28.0-45-g0d030f2227 (webtiles) character file.

Game seed: 4568330804763974373

172 101zpm the Chiller (level 5, -2/37 HPs)
             Began as a Gnoll Ice Elementalist on Apr 21, 2022.
             Killed from afar by a white imp (9 damage)
             ... with a puff of frost
             ... on level 5 of the Dungeon.
             The game lasted 00:05:50 (3625 turns).

101zpm the Chiller (Gnoll Ice Elementalist)         Turns: 3625, Time: 00:05:51

Health: -2/37      AC:  7    Str:  7    XL:     5   Next: 52%
Magic:  7/12       EV: 12    Int: 17    God:
Gold:   69         SH:  0    Dex: 12    Spells: 1/14 levels left

rFire   . . .      SeeInvis .   h - staff of poison
rCold   . . .      Faith    .   (no shield)
rNeg    . . .      Spirit   .   g - +0 leather armour
rPois   +          Reflect  .   (no helmet)
rElec   .          Harm     .   (no cloak)
rCorr   .          Rampage  .   (no gloves)
Will    .....                   (no boots)
Stlth   ++........              (no amulet)
HPRegen 0.12/turn               b - +4 ring of protection
MPRegen 0.13/turn               (no ring)

@: no status effects
A: fangs 1, strong nose, distributed training
a: no special abilities


You were on level 5 of the Dungeon.
You visited 1 branch of the dungeon, and saw 5 of its levels.

You collected 69 gold pieces.

Inventory:

Hand Weapons
 c - a +0 hand axe
Armour
 a - a +0 robe
 g - a +0 leather armour (worn)
Magical Staves
 h - a staff of poison (weapon)
Jewellery
 b - a +4 ring of protection (left hand)
Scrolls
 d - 2 scrolls of immolation {unknown}
 f - a scroll of magic mapping {unknown}
 j - 2 scrolls of identify {unknown}
 k - a scroll of torment {unknown}
 l - 2 scrolls of teleportation {unknown}
Potions
 e - a potion of flight {unknown}
 i - a potion of lignification {unknown}
 m - 2 potions of heal wounds {unknown}
 n - a potion of cancellation {unknown}


   Skills:
 + Level 1.5 Fighting
 + Level 1.5 Short Blades
 + Level 1.5 Long Blades
 + Level 1.5 Axes
 + Level 1.5 Maces & Flails
 + Level 1.5 Polearms
 + Level 1.5 Staves
 + Level 1.5 Slings
 + Level 1.5 Bows
 + Level 1.5 Crossbows
 + Level 1.5 Throwing
 + Level 1.5 Armour
 + Level 4.8 Dodging
 + Level 4.4 Stealth
 + Level 1.5 Shields
 + Level 1.5 Unarmed Combat
 + Level 5.2 Spellcasting
 + Level 1.2 Conjurations
 + Level 1.2 Hexes
 + Level 1.2 Summonings
 + Level 1.2 Necromancy
 + Level 1.2 Translocations
 + Level 1.2 Transmutations
 + Level 1.2 Fire Magic
 + Level 7.2 Ice Magic
 + Level 1.2 Air Magic
 + Level 1.2 Earth Magic
 + Level 1.2 Poison Magic
 + Level 1.7 Invocations
 + Level 1.5 Evocations


You had one spell level left.
You knew the following spells:

 Your Spells              Type           Power      Damage    Failure   Level
a - Freeze                Ice            100%       1d11      1%          1
b - Frozen Ramparts       Ice            58%        1d7       3%          3
c - Ozocubu's Armour      Ice            29%        N/A       3%          3
d - Hailstorm             Conj/Ice       18%        3d6       34%         4
e - Sublimation of Blood  Necr           8%         N/A       19%         2

Your spell library contained the following spells:

 Spells                   Type           Power      Damage    Failure   Level
 Wereblood                Tmut           8%         N/A       19%         2
 Dazzling Flash           Conj/Hex       16%        N/A       36%         3
 Iskenderun's Mystic Bla  Conj/Tloc      8%         2d4       77%         4
 Starburst                Conj/Fire      4%         6d3       100%        6
 Summon Hydra             Summ           4%         N/A       100%        7


Dungeon Overview and Level Annotations

Branches:
Dungeon (5/15)
 Temple: D:4-7

Altars:
Kikubaaqudgha
Uskayaw
Vehumet


Innate Abilities, Weirdness & Mutations

You have very sharp teeth.
Your uncanny sense of smell can sniff out nearby items.
Your experience applies equally to all skills.


Message History

The white imp misses you.
You barely miss the white imp.
The white imp is lightly wounded.
The white imp closely misses you.
Aiming: Freeze (safe; 1% risk of failure)
Press: ? - help, Q - select action, (/) - cycle Shift-Dir - straight line, f/p - white imp
Aim: a white imp (lightly wounded)
You freeze the white imp.
The white imp resists.
The white imp is moderately wounded.
The white imp hits you. The white imp freezes you.
You hit the white imp.
The white imp is severely wounded.
The white imp gestures at you. The puff of frost hits you!
You are too injured to fight recklessly!
You are too injured to fight recklessly!
You are too injured to fight recklessly!
You are too injured to fight recklessly!
You are too injured to fight recklessly!
Aiming: Freeze (safe; 1% risk of failure)
Press: ? - help, Q - select action, (/) - cycle Shift-Dir - straight line, f/p - white imp
Aim: a white imp (severely wounded)
You freeze the white imp but do no damage.
The white imp completely resists.
The white imp hits you. The white imp freezes you.
* * * LOW HITPOINT WARNING * * *
Aiming: Freeze (safe; 1% risk of failure)
Press: ? - help, Q - select action, (/) - cycle Shift-Dir - straight line, f/p - white imp
Aim: a white imp (severely wounded)
You freeze the white imp.
The white imp resists.
The white imp is severely wounded.
The white imp completely misses you.
Aiming: Freeze (safe; 1% risk of failure)
Press: ? - help, Q - select action, (/) - cycle Shift-Dir - straight line, f/p - white imp
Aim: a white imp (severely wounded)
You freeze the white imp but do no damage.
The white imp completely resists.
The white imp gestures at you. The puff of frost hits you!
You die...

..# #........ ###.#
#.#..... .#.#####.#....
#.#..##.#..#
######.##.##.#..######
##.#....#.............#
#..(...#.#............#
...........##.#.8888..#
....<....####...@..8..#
.......#.# #....5.8..#
#........# #......8....
.#...##..# #.#.........
##.###..# #...<......#
## #..# ############
#..#


You could see a white imp.

Vanquished Creatures
  An orc priest (D:3)
  6 adders
  2 dart slugs (D:1)
  9 orcs
  13 ball pythons
  7 endoplasms
  A giant cockroach (D:3)
  9 goblins
  5 hobgoblins
  6 kobolds
  4 quokkas
  4 bats
  4 frilled lizards
  6 rats
77 creatures vanquished.

Notes
Turn   | Place    | Note
-------+----------+-------------------------------------------
     0 | D:1      | 101zpm the Gnoll Ice Elementalist began the quest for the
                  | Orb.
     0 | D:1      | Reached XP level 1. HP: 13/13 MP: 6/6
   192 | D:1      | Reached XP level 2. HP: 17/19 MP: 1/7
   519 | D:1      | Reached XP level 3. HP: 18/25 MP: 9/9
   522 | D:1      | Reached skill level 5 in Spellcasting
  1226 | D:2      | Reached skill level 1 in Invocations
  1307 | D:2      | Reached skill level 1 in Fighting
  1307 | D:2      | Reached skill level 1 in Short Blades
  1307 | D:2      | Reached skill level 1 in Long Blades
  1307 | D:2      | Reached skill level 1 in Axes
  1307 | D:2      | Reached skill level 1 in Maces & Flails
  1307 | D:2      | Reached skill level 1 in Polearms
  1307 | D:2      | Reached skill level 1 in Staves
  1307 | D:2      | Reached skill level 1 in Slings
  1307 | D:2      | Reached skill level 1 in Bows
  1307 | D:2      | Reached skill level 1 in Crossbows
  1307 | D:2      | Reached skill level 1 in Throwing
  1307 | D:2      | Reached skill level 1 in Armour
  1307 | D:2      | Reached skill level 1 in Shields
  1307 | D:2      | Reached skill level 1 in Unarmed Combat
  1307 | D:2      | Reached skill level 1 in Evocations
  1437 | D:2      | Reached XP level 4. HP: 30/32 MP: 11/11
  2521 | D:3      | Reached skill level 1 in Conjurations
  2521 | D:3      | Reached skill level 1 in Hexes
  2521 | D:3      | Reached skill level 1 in Summonings
  2521 | D:3      | Reached skill level 1 in Necromancy
  2521 | D:3      | Reached skill level 1 in Translocations
  2521 | D:3      | Reached skill level 1 in Transmutations
  2521 | D:3      | Reached skill level 1 in Fire Magic
  2521 | D:3      | Reached skill level 1 in Air Magic
  2521 | D:3      | Reached skill level 1 in Earth Magic
  2521 | D:3      | Reached skill level 1 in Poison Magic
  2561 | D:3      | Found an ancient bone altar of Kikubaaqudgha.
  2631 | D:3      | Found a hide-covered altar of Uskayaw.
  2929 | D:2      | Learned a level 3 spell: Frozen Ramparts
  2933 | D:2      | Learned a level 3 spell: Ozocubu's Armour
  2938 | D:2      | Learned a level 4 spell: Hailstorm
  2941 | D:2      | Learned a level 2 spell: Sublimation of Blood
  2950 | D:3      | Reached XP level 5. HP: 19/37 MP: 4/12
  3246 | D:3      | Found a faded altar of an unknown god.
  3599 | D:5      | Entered Level 5 of the Dungeon
  3607 | D:5      | Found a radiant altar of Vehumet.
  3625 | D:5      | Killed from afar by a white imp

Illustrated notes

Levels and vault maps discovered:
D:1:      heliophobic_arrival_dark_side_of_the_moon, layout_loops_ring
D:2:      layout_basic, kennysheep_generic_room_8
D:3:      layout_rooms, overflow_temple_1_default, mainiacjoe_overflow_alcove_2,
          nicolae_ecumenical_snake_handling, serial_rivers,
          chequers_serial_rivers_small_a, chequers_serial_rivers_micro_d,
          chequers_serial_rivers_room_b, chequers_serial_rivers_room_b,
          chequers_serial_rivers_micro_b, kennysheep_minor_cross,
          nicolae_elevator_lobby_asterisk
D:4:      layout_gridville, old_standard_altar, mainiacjoe_overflow_alcove_1,
          uniq_natasha
D:5:      layout_loops_ring, mainiacjoe_overflow_chevrons,
          minmay_temple_entry_fiery, corexii_checkpoint_b,
          minmay_chambers_of_fives

Skill      XL: |  1  2  3  4 |
---------------+-------------+-----
Spellcasting   | 5 |  5.2
Invocations    | 1 |  1.7
Fighting       | 1 |  1.5
Short Blades   | 1 |  1.5
Long Blades    | 1 |  1.5
Axes           | 1 |  1.5
Maces & Flails | 1 |  1.5
Polearms       | 1 |  1.5
Staves         | 1 |  1.5
Slings         | 1 |  1.5
Bows           | 1 |  1.5
Crossbows      | 1 |  1.5
Throwing       | 1 |  1.5
Armour         | 1 |  1.5
Shields        | 1 |  1.5
Unarmed Combat | 1 |  1.5
Evocations     | 1 |  1.5
Conjurations   | 1 |  1.2
Hexes          | 1 |  1.2
Summonings     | 1 |  1.2
Necromancy     | 1 |  1.2
Translocations | 1 |  1.2
Transmutations | 1 |  1.2
Fire Magic     | 1 |  1.2
Air Magic      | 1 |  1.2
Earth Magic    | 1 |  1.2
Poison Magic   | 1 |  1.2
Dodging        | |  4.8
Stealth        | |  4.4
Ice Magic      | |  7.2

Action                   |  1- 3 |  4- 6 || total
-------------------------+-------+-------++-------
Melee: Hand axe          |   136 |    23 ||   159
       Bite              |    10 |     4 ||    14
       Punch             |     3 |     3 ||     6
       Staff             |       |    34 ||    34
 Cast: Freeze            |     6 |    29 ||    35
       Frozen Ramparts   |       |     6 ||     6
       Ozocubu's Armour  |       |     1 ||     1
       Sublimation of Bl |       |     1 ||     1
 Stab: Sleeping          |     7 |     3 ||    10
Armor: Robe              |    43 |    18 ||    61
       Leather armour    |       |    12 ||    12
Dodge: Dodged            |   111 |    60 ||   171
